[Event "December 5 Early 2023"]
[Site "https://www.chess.com"]
[Date "2023.12.05"]
[Round "3"]
[White "Nigalidze, Gaioz"]
[Black "Yilmaz, Mustafa"]
[Result "0-1"]
[Board "23"]
[TimeControl "180+1"]
[WhiteFideId "13603078"]
[BlackFideId "6302718"]
[WhiteElo "2692"]
[BlackElo "2945"]
[WhiteTeam "GEO"]
[BlackTeam "TUR"]
[WhiteClock "0:01:51"]
[BlackClock "0:01:19"]

1. e4 c5 2. Nf3 d6 3. Bb5+ Bd7 4. Bxd7+ Qxd7 5. d4 cxd4 6. Qxd4 Nc6 7. Qd3 g6 8. c4 Bg7 9. Nc3 Nb4 10. Qd2 Rc8 11. b3 b5 12. O-O bxc4 13. bxc4 Rxc4 14. Bb2 Nf6 15. e5 dxe5 16. Qe2 Qd3 17. Qxe5 Nc6 18. Qb5 Rxc3 19. Qa4 Qc4 0-1

[Event "December 5 Early 2023"]
[Site "https://www.chess.com"]
[Date "2023.12.05"]
[Round "3"]
[White "Grigoriants, Sergey"]
[Black "Volkov, Maksim"]
[Result "0-1"]
[Board "24"]
[TimeControl "180+1"]
[WhiteFideId "4130804"]
[BlackFideId "54123070"]
[WhiteElo "2942"]
[BlackElo "2681"]
[WhiteTeam "HUN"]
[BlackTeam "RUS"]
[WhiteClock "0:00:00"]
[BlackClock "0:00:07"]

1. d4 d5 2. c4 e6 3. Nc3 c6 4. e3 Nf6 5. Nf3 Nbd7 6. Qc2 Bd6 7. g4 h6 8. h3 e5 9. Bd2 e4 10. Ng1 a6 11. c5 Bc7 12. O-O-O b6 13. cxb6 Nxb6 14. f3 Qe7 15. fxe4 dxe4 16. Bg2 O-O 17. Nxe4 Nxe4 18. Bxe4 Nd5 19. Ne2 Be6 20. Kb1 Rab8 21. Ka1 Rfc8 22. Rc1 Bd6 23. Nf4 Nxf4 24. exf4 c5 25. d5 Bd7 26. Rhe1 Qh4 27. Qc3 Re8 28. Bb1 Be7 29. Qd3 g6 30. f5 Bf6 31. Bc3 Rxe1 32. Bxf6 Qxf6 33. Qd2 Rxc1 34. Qxc1 gxf5 35. gxf5 Bxf5 36. Qg1+ Bg6 37. Qh2 Rb6 38. d6 Rxd6 0-1

[Event "December 5 Early 2023"]
[Site "https://www.chess.com"]
[Date "2023.12.05"]
[Round "3"]
[White "Mgeladze, Tamaz"]
[Black "Svane, Rasmus"]
[Result "0-1"]
[Board "25"]
[TimeControl "180+1"]
[WhiteFideId "13601202"]
[BlackFideId "4657101"]
[WhiteElo "2673"]
[BlackElo "2933"]
[WhiteTeam "GEO"]
[BlackTeam "GER"]
[WhiteClock "0:00:20"]
[BlackClock "0:00:34"]

1. c4 e6 2. Nf3 d5 3. g3 a6 4. b3 d4 5. Bg2 c5 6. O-O Nc6 7. e3 Nf6 8. exd4 cxd4 9. Re1 Bc5 10. Ba3 Qd6 11. Bxc5 Qxc5 12. d3 O-O 13. Nbd2 e5 14. a3 a5 15. Ne4 Nxe4 16. Rxe4 Bf5 17. Re1 h6 18. Qc2 Rad8 19. Nd2 Rfe8 20. Ne4 Bxe4 21. Bxe4 b6 22. Bxc6 Qxc6 23. b4 e4 24. bxa5 bxa5 25. Rxe4 Rxe4 26. dxe4 d3 27. Qc3 d2 28. Rd1 Qxe4 29. Qxa5 Rd3 30. Kf1 Qh1+ 31. Ke2 Qf3+ 0-1

[Event "December 5 Early 2023"]
[Site "https://www.chess.com"]
[Date "2023.12.05"]
[Round "3"]
[White "Maksimovic, Bojan"]
[Black "Nagare Kaivalya Sandip"]
[Result "1-0"]
[Board "26"]
[TimeControl "180+1"]
[WhiteFideId "14408120"]
[BlackFideId "25957929"]
[WhiteElo "2928"]
[BlackElo "2669"]
[WhiteTeam "BIH"]
[BlackTeam "IND"]
[WhiteClock "0:00:17"]
[BlackClock "0:00:24"]

1. Nf3 Nf6 2. g3 g6 3. Bg2 Bg7 4. b3 O-O 5. Bb2 b6 6. O-O Bb7 7. d3 d6 8. Nbd2 Nbd7 9. c4 a5 10. a3 e5 11. Qc2 Rb8 12. b4 Qe7 13. bxa5 bxa5 14. Bc3 e4 15. dxe4 Nxe4 16. Bxg7 Kxg7 17. Nxe4 Qxe4 18. Qc3+ Nf6 19. Rfe1 a4 20. c5 Qe7 21. c6 Bc8 22. Nd4 Kg8 23. Rab1 Be6 24. Rb7 Bd5 25. e4 Be6 26. Nb5 Rxb7 27. cxb7 c5 28. Nxd6 Rb8 29. Qxc5 Nd7 30. Qc7 Qd8 31. Qxd8+ Rxd8 32. e5 Nb8 33. Rc1 Kf8 34. f4 Ke7 35. Kf2 f6 36. Ke3 fxe5 37. fxe5 h5 38. h4 Nd7 39. Rc8 Nb8 40. Rxd8 Kxd8 41. Be4 Kc7 42. Bxg6 Nc6 43. Kf4 Nd4 44. Bxh5 Nc2 45. Bd1 Nxa3 46. Bxa4 Nb1 47. h5 Nc3 48. Bc2 Nd5+ 49. Kg5 Ne3 50. Be4 Nf1 51. g4 Ne3 52. Bf5 Bd5 53. h6 Bg8 54. Kf6 Nd5+ 55. Kg7 Ne7 56. Kf8 Nxf5 57. gxf5 Bh7 58. Kg7 Bxf5 59. Nxf5 1-0

[Event "December 5 Early 2023"]
[Site "https://www.chess.com"]
[Date "2023.12.05"]
[Round "3"]
[White "Rasulov, Vugar"]
[Black "Goryachkina, Aleksandra"]
[Result "1-0"]
[Board "27"]
[TimeControl "180+1"]
[WhiteFideId "13402390"]
[BlackFideId "4147103"]
[WhiteElo "2920"]
[BlackElo "2663"]
[WhiteTeam "AZE"]
[BlackTeam "FID"]
[WhiteClock "0:01:09"]
[BlackClock "0:00:00"]

1. e4 c5 2. Nf3 e6 3. d4 cxd4 4. Nxd4 Nc6 5. Nc3 Bc5 6. Nb3 Bb4 7. Bd3 Nge7 8. O-O O-O 9. f4 d5 10. e5 Ng6 11. Ne2 f6 12. c3 Be7 13. exf6 Bxf6 14. Be3 Bd7 15. Nc5 Qc7 16. Bxg6 hxg6 17. Nd4 Nxd4 18. cxd4 b6 19. Nd3 Bb5 20. Rc1 Qf7 21. Rf2 Bxd3 22. Qxd3 Rac8 23. Rxc8 Rxc8 24. Rc2 Rxc2 25. Qxc2 Kh7 26. Qc6 Qe7 27. a3 Kg8 28. Kf2 Kf7 29. Kf3 Qd8 30. g4 Be7 31. Bf2 a5 32. a4 Qh8 33. Kg2 Qe8 34. Qxe8+ Kxe8 35. h4 Bf6 36. Kf3 Kd7 37. b3 Ke8 38. Be3 Kf7 39. Bf2 Ke8 40. h5 gxh5 41. gxh5 Kf7 42. Kg4 Be7 43. Bh4 Bb4 44. Bd8 Bc3 45. Bxb6 Bd2 46. f5 Bc3 47. Kf4 Bd2+ 48. Ke5 exf5 49. Kxf5 Ke7 50. Ke5 1-0

[Event "December 5 Early 2023"]
[Site "https://www.chess.com"]
[Date "2023.12.05"]
[Round "3"]
[White "Shyam, Sundar M."]
[Black "Kovalenko, Igor"]
[Result "1/2-1/2"]
[Board "28"]
[TimeControl "180+1"]
[WhiteFideId "5019141"]
[BlackFideId "14117908"]
[WhiteElo "2662"]
[BlackElo "2919"]
[WhiteTeam "IND"]
[BlackTeam "UKR"]
[WhiteClock "0:00:18"]
[BlackClock "0:00:10"]

1. e4 d5 2. exd5 Qxd5 3. Nf3 Bg4 4. Be2 Nc6 5. O-O O-O-O 6. Nc3 Qf5 7. d3 e6 8. Be3 Nf6 9. Nh4 Qh5 10. Bxg4 Nxg4 11. h3 Qxh4 12. Qxg4 Qe7 13. Qa4 Qb4 14. Qxb4 Bxb4 15. Ne4 h6 16. c3 Be7 17. d4 f5 18. Nd2 e5 19. dxe5 Nxe5 20. Nb3 Nc4 21. Bd4 Rhg8 22. Rfe1 Bd6 23. Re2 b6 24. f3 g5 25. Rae1 Kd7 26. Nc1 c5 27. Bf2 Rde8 28. Nd3 Rxe2 29. Rxe2 Re8 30. Rxe8 Kxe8 31. b3 Na3 32. c4 Kf7 33. Kf1 Ke6 34. Ke2 Kd7 35. Kd2 Kc6 36. g4 f4 37. Kc3 b5 38. Be1 a6 39. Bd2 b4+ 40. Kb2 Bf8 41. Kc1 Bg7 42. Nf2 Bd4 43. Ne4 Kd7 44. Kd1 Ke6 45. Bc1 Nb1 46. Kc2 Nc3 47. Nxc3 Bxc3 48. Kd3 Ke5 49. a4 a5 50. Ke2 Kd4 51. Bd2 Bb2 52. Be1 Bc1 53. Kd1 Bb2 54. Ke2 Bc1 55. Bd2 Ba3 56. Be1 Bb2 57. Bd2 Bc3 58. Bc1 Ba1 59. Bd2 Bb2 60. Be1 1/2-1/2

[Event "December 5 Early 2023"]
[Site "https://www.chess.com"]
[Date "2023.12.05"]
[Round "3"]
[White "Vokhidov, Shamsiddin"]
[Black "Vlassov, Nikolai"]
[Result "1-0"]
[Board "29"]
[TimeControl "180+1"]
[WhiteFideId "14204223"]
[BlackFideId "4103360"]
[WhiteElo "2918"]
[BlackElo "2661"]
[WhiteTeam "UZB"]
[BlackTeam "FID"]
[WhiteClock "0:01:39"]
[BlackClock "0:00:08"]

1. e4 Nc6 2. Nf3 d5 3. exd5 Qxd5 4. Nc3 Qa5 5. d4 Bg4 6. Bb5 O-O-O 7. Bxc6 bxc6 8. h3 Qh5 9. Qe2 Bxf3 10. gxf3 e6 11. Be3 Bb4 12. Rg1 Qxh3 13. O-O-O Bxc3 14. bxc3 Ne7 15. Rxg7 Qf5 16. Rg5 Qf6 17. Ra5 Nd5 18. Rxa7 Nxc3 19. Qc4 Nb5 20. Ra6 Rd6 21. a4 Qxf3 22. Ra8+ Kd7 23. Rxh8 1-0

[Event "December 5 Early 2023"]
[Site "https://www.chess.com"]
[Date "2023.12.05"]
[Round "3"]
[White "Prohaszka, Peter"]
[Black "Demchenko, Anton"]
[Result "1/2-1/2"]
[Board "30"]
[TimeControl "180+1"]
[WhiteFideId "726265"]
[BlackFideId "4160258"]
[WhiteElo "2654"]
[BlackElo "2914"]
[WhiteTeam "HUN"]
[BlackTeam "SLO"]
[WhiteClock "0:00:06"]
[BlackClock "0:00:04"]

1. e4 e5 2. Nf3 Nc6 3. Bb5 a6 4. Ba4 Nge7 5. O-O Ng6 6. c3 d6 7. d4 Bd7 8. Bg5 Be7 9. Bxe7 Qxe7 10. d5 Nb8 11. c4 O-O 12. Bxd7 Qxd7 13. Nc3 h6 14. Ne1 f5 15. Nd3 f4 16. Qh5 Qf7 17. f3 Nd7 18. b4 Nf6 19. Qh3 Rae8 20. c5 Nh7 21. Rac1 Ng5 22. Qh5 Qf6 23. b5 dxc5 24. Nxc5 Qd6 25. Ne2 axb5 26. Nxb7 Qb6+ 27. Nc5 Re7 28. Kh1 Kh7 29. h4 Nf7 30. Ne6 Rxe6 31. dxe6 Qxe6 32. Qf5 Qxf5 33. exf5 Nxh4 34. g4 Ng5 35. Rxc7 Nhxf3 36. Nc3 b4 37. Ne4 Nxe4 38. Rxf3 Rd8 39. Kg1 Rd1+ 40. Rf1 Rd2 41. Re7 Rxa2 42. Rxe5 Ng5 43. Rb5 Rb2 44. Rb7 Kg8 45. Kh1 b3 46. Rxf4 Rb1+ 47. Kg2 Rb2+ 48. Kg3 Rb1 49. Rfb4 Rg1+ 50. Kf4 Rf1+ 51. Ke5 Re1+ 52. Kd4 Re4+ 53. Kd5 Re3 54. Rb8+ Kh7 55. Rxb3 Re1 56. Rc3 Rg1 57. Rcc8 Rd1+ 58. Ke5 Re1+ 59. Kf4 Re4+ 60. Kg3 Nf7 61. Rf8 Re7 62. Rbe8 Rc7 63. Kh4 Ra7 64. Kg3 g6 65. f6 g5 66. Rg8 Nd6 67. Ref8 Rd7 68. Rh8+ Kg6 69. Rhg8+ Kh7 70. Kg2 Ne4 71. Rh8+ Kg6 72. Rhg8+ Kh7 73. Kf3 Nxf6 74. Rh8+ Kg7 75. Ra8 Rd3+ 76. Ke2 Rd4 77. Kf3 Rf4+ 78. Ke3 Rxg4 79. Rhb8 Re4+ 80. Kf3 Re7 81. Kg3 h5 82. Kf3 Kg6 83. Rb6 Rf7 84. Raa6 h4 85. Kg2 g4 86. Rb5 Re7 87. Rbb6 Rf7 88. Rb5 Rf8 89. Rb4 Kg5 90. Ra5+ Kg6 91. Ra6 Kf5 92. Ra5+ Kg6 93. Ra6 1/2-1/2

[Event "December 5 Early 2023"]
[Site "https://www.chess.com"]
[Date "2023.12.05"]
[Round "3"]
[White "Taichman, Ori"]
[Black "Kovalev, Vladislav"]
[Result "0-1"]
[Board "31"]
[TimeControl "180+1"]
[WhiteFideId "2804069"]
[BlackFideId "13504398"]
[WhiteElo "2642"]
[BlackElo "2911"]
[WhiteTeam "ISR"]
[BlackTeam "FID"]
[WhiteClock "0:00:02"]
[BlackClock "0:00:11"]

1. e4 e5 2. d4 exd4 3. Qxd4 Nc6 4. Qe3 Nf6 5. Nc3 Bb4 6. Bd2 O-O 7. O-O-O Re8 8. Qg3 Rxe4 9. a3 Ba5 10. Be2 d5 11. Bh6 g6 12. Nxe4 Nxe4 13. Qf4 Be6 14. Bd3 g5 15. Qf3 Ne5 16. Qe2 Qf6 17. Nf3 Nxd3+ 18. cxd3 Qxh6 19. dxe4 g4+ 20. Nd2 dxe4 21. Qxe4 Rd8 22. Qe3 Qxe3 23. fxe3 Bb6 24. Rhe1 Rd3 25. Nf1 Rb3 26. Kc2 Rb5 27. e4 Bb3+ 28. Kc3 Bxd1 29. Rxd1 Rc5+ 30. Kb3 Re5 31. Ng3 h5 32. Rd5 Rxd5 33. exd5 h4 34. Nf5 h3 35. gxh3 gxh3 36. Nh4 Kg7 37. Nf3 Kg6 38. Kc4 Kf5 39. Kd3 Kf4 40. Ke2 f6 41. b3 Ke4 42. a4 Kxd5 43. b4 a6 44. b5 axb5 45. axb5 Kc4 46. Nd2+ Kxb5 47. Ne4 Bg1 48. Nxf6 Bxh2 49. Kf3 Bd6 50. Ne4 h2 51. Kg2 Kc4 52. Nd2+ Kd3 53. Nf3 b5 54. Kh1 b4 55. Ne1+ Kc3 56. Nf3 b3 0-1

[Event "December 5 Early 2023"]
[Site "https://www.chess.com"]
[Date "2023.12.05"]
[Round "3"]
[White "Bodnar, Nikolay"]
[Black "Rakhmanov, Aleksandr"]
[Result "1-0"]
[Board "32"]
[TimeControl "180+1"]
[WhiteFideId "14106469"]
[BlackFideId "4173708"]
[WhiteElo "2620"]
[BlackElo "2910"]
[WhiteTeam "UKR"]
[BlackTeam "FID"]
[WhiteClock "0:00:54"]
[BlackClock "0:00:00"]

1. e4 c5 2. Nf3 Nf6 3. e5 Nd5 4. Nc3 Nxc3 5. dxc3 Nc6 6. Bf4 Qc7 7. Qd2 e6 8. h4 h6 9. h5 b6 10. Bd3 Bb7 11. O-O-O Rb8 12. Qe3 Bc8 13. Rd2 b5 14. Rhd1 Qa5 15. Kb1 Rb6 16. Be4 c4 17. Nd4 Ra6 18. a3 Nd8 19. Nf5 exf5 20. Bxf5 Ne6 21. Bxe6 fxe6 22. Qe4 Bxa3 23. Qg6+ Kd8 24. Qxg7 Bf8 25. Rxd7+ 1-0

[Event "December 5 Early 2023"]
[Site "https://www.chess.com"]
[Date "2023.12.05"]
[Round "3"]
[White "Vasquez Schroeder, Rodrigo"]
[Black "Martin Fuentes, Alberto"]
[Result "1-0"]
[Board "33"]
[TimeControl "180+1"]
[WhiteFideId "3400042"]
[BlackFideId "2292289"]
[WhiteElo "2909"]
[BlackElo "2618"]
[WhiteTeam "CHI"]
[BlackTeam "ESP"]
[WhiteClock "0:02:30"]
[BlackClock "0:02:18"]

1. e4 e6 2. d4 d5 3. Nc3 Bb4 4. e5 Ne7 5. Bd2 b6 6. Bb5+ c6 7. Ba4 O-O 8. Nce2 Bxd2+ 9. Qxd2 c5 10. c3 cxd4 11. cxd4 Ba6 12. Nf3 Nbc6 13. O-O Rc8 14. Rfc1 Nf5 15. Rxc6 Rxc6 16. Bxc6 Qc7 17. Ba4 Bxe2 18. Qxe2 Rc8 19. g3 1-0

[Event "December 5 Early 2023"]
[Site "https://www.chess.com"]
[Date "2023.12.05"]
[Round "3"]
[White "Cremisi, Daniel"]
[Black "Zhigalko, Sergei"]
[Result "0-1"]
[Board "34"]
[TimeControl "180+1"]
[WhiteFideId "2089882"]
[BlackFideId "13502956"]
[WhiteElo "2604"]
[BlackElo "2909"]
[WhiteTeam "USA"]
[BlackTeam "BLR"]
[WhiteClock "0:01:33"]
[BlackClock "0:01:29"]

1. Nf3 d5 2. d4 e6 3. c4 c6 4. e3 Bd6 5. Nc3 f5 6. Bd3 Nf6 7. O-O O-O 8. b3 Bd7 9. a4 Qe7 10. Qc2 Be8 11. Qa2 Na6 12. Ba3 Nb4 13. Qd2 a5 14. Na2 Bh5 15. c5 Bc7 16. Nxb4 axb4 17. Bxb4 Bxf3 18. gxf3 Ne4 19. fxe4 Bxh2+ 20. Kh1 Qh4 21. f4 Bxf4+ 22. Kg2 Qg3+ 23. Kh1 Qh3+ 24. Kg1 Bxe3+ 0-1

[Event "December 5 Early 2023"]
[Site "https://www.chess.com"]
[Date "2023.12.05"]
[Round "3"]
[White "Truskavetsky, Alexandr"]
[Black "Baskakov, Egor"]
[Result "0-1"]
[Board "35"]
[TimeControl "180+1"]
[WhiteFideId "14108577"]
[BlackFideId "24197866"]
[WhiteElo "2603"]
[BlackElo "2902"]
[WhiteTeam "RUS"]
[BlackTeam "RUS"]
[WhiteClock "0:00:59"]
[BlackClock "0:00:14"]

1. d4 Nf6 2. c4 e6 3. Nc3 d5 4. cxd5 Nxd5 5. e4 Nxc3 6. bxc3 b6 7. Nf3 Bb7 8. Bd3 Nd7 9. O-O Be7 10. Qe2 O-O 11. Rd1 c5 12. Bf4 cxd4 13. cxd4 Rc8 14. a4 Bb4 15. e5 h6 16. Nd2 Re8 17. Qg4 Kh8 18. Qh5 f5 19. Nc4 Qe7 20. a5 Bd5 21. Ne3 Be4 22. Bxe4 fxe4 23. axb6 Nxb6 24. Rab1 a5 25. Ng4 Nd5 26. Bd2 Rc2 27. Bxb4 axb4 28. Ne3 Nxe3 29. fxe3 Rf8 30. Rf1 Rxf1+ 31. Rxf1 b3 32. Qg6 b2 33. Qxe4 Rc1 34. Qa8+ Kh7 35. Qe4+ g6 36. h4 Qf7 37. h5 Qxf1+ 38. Kh2 Qh1+ 39. Kg3 b1=Q 40. hxg6+ Kg7 41. Qa8 Qe1+ 42. Kh3 Qxe3+ 43. Kh4 Rh1+ 44. Kg4 Qxg6# 0-1

[Event "December 5 Early 2023"]
[Site "https://www.chess.com"]
[Date "2023.12.05"]
[Round "3"]
[White "Harutjunyan, Gevorg"]
[Black "Shubenkova, Veronika"]
[Result "1-0"]
[Board "36"]
[TimeControl "180+1"]
[WhiteFideId "13300873"]
[BlackFideId "44124040"]
[WhiteElo "2887"]
[BlackElo "2596"]
[WhiteTeam "ARM"]
[BlackTeam "RUS"]
[WhiteClock "0:00:50"]
[BlackClock "0:01:26"]

1. e4 e6 2. d4 d5 3. Nc3 Nf6 4. Bg5 Be7 5. e5 Nfd7 6. h4 h6 7. Bxe7 Qxe7 8. Qg4 O-O 9. O-O-O a6 10. f4 f5 11. Qg6 Qe8 12. h5 Qxg6 13. hxg6 c5 14. dxc5 Nxc5 15. Nf3 Nc6 16. Be2 Ne4 17. Rh4 Ne7 18. Rh2 Nxg6 19. g3 Nxg3 20. Rg1 Nxe2+ 21. Nxe2 Ne7 22. Rxh6 Nc6 23. Rh4 Kf7 24. Rh7 Rg8 25. Ng5+ Kf8 26. Ng3 Bd7 27. Nh5 Ne7 28. Nf3 Be8 29. Nxg7 Bf7 30. Nd4 Ng6 31. Ngxe6+ 1-0

[Event "December 5 Early 2023"]
[Site "https://www.chess.com"]
[Date "2023.12.05"]
[Round "3"]
[White "Neiksans, Arturs"]
[Black "Lund, Gunnar"]
[Result "1-0"]
[Board "37"]
[TimeControl "180+1"]
[WhiteFideId "11601388"]
[BlackFideId "1520814"]
[WhiteElo "2886"]
[BlackElo "2582"]
[WhiteTeam "LAT"]
[BlackTeam "NOR"]
[WhiteClock "0:00:09"]
[BlackClock "0:00:00"]

1. Nf3 d6 2. e4 e5 3. d4 exd4 4. Nxd4 Nf6 5. Nc3 Be7 6. g3 O-O 7. Bg2 Re8 8. O-O Nbd7 9. Re1 Bf8 10. b3 c6 11. Bb2 a5 12. a4 Nc5 13. Qd2 Qc7 14. Rad1 Bd7 15. h3 Rad8 16. f4 Bc8 17. Qf2 Nfd7 18. Nf5 Nb8 19. g4 g6 20. Qd4 Ne6 21. Nb5 Nxd4 22. Nxc7 Nxc2 23. Nxe8 Rxe8 24. Re2 gxf5 25. Rxc2 fxe4 26. Bc3 b6 27. b4 axb4 28. Bxb4 d5 29. Bxf8 Kxf8 30. Rb1 Ba6 31. Rxb6 Bd3 32. Rcb2 Nd7 33. Rxc6 e3 34. Bf3 e2 35. Bxe2 Bxe2 36. Rd6 Nc5 37. Rxd5 Nxa4 38. Rb4 Nc3 39. Re5 Rxe5 40. fxe5 Nd5 41. Rb7 Bd3 42. Kf2 Bg6 43. Kg3 h5 44. gxh5 Bxh5 45. Kh4 Bg6 46. Kg5 Be4 47. Ra7 Ne7 48. h4 Ng8 49. h5 Bd3 50. h6 f6+ 51. exf6 Nxf6 52. Kxf6 Kg8 53. Rd7 Bc2 54. Rg7+ Kh8 55. Kg5 Bb1 56. Rc7 Bd3 57. Rc8+ Kh7 58. Rf8 Bb1 59. Kf6 1-0

[Event "December 5 Early 2023"]
[Site "https://www.chess.com"]
[Date "2023.12.05"]
[Round "3"]
[White "Dyachuk, Artem"]
[Black "Bardyk, Artem"]
[Result "1/2-1/2"]
[Board "38"]
[TimeControl "180+1"]
[WhiteFideId "34107924"]
[BlackFideId "34349979"]
[WhiteElo "2573"]
[BlackElo "2880"]
[WhiteTeam "UKR"]
[BlackTeam "RUS"]
[WhiteClock "0:00:06"]
[BlackClock "0:00:08"]

1. e4 e5 2. Nf3 Nc6 3. Bb5 Nge7 4. Nc3 Ng6 5. h4 Be7 6. h5 Nh4 7. Nxh4 Bxh4 8. Qg4 Bf6 9. d3 d6 10. Qg3 h6 11. Nd5 a6 12. Ba4 b5 13. Bb3 Nd4 14. Be3 c6 15. Nxf6+ Qxf6 16. Bxd4 exd4 17. O-O-O Qg5+ 18. Qxg5 hxg5 19. f4 gxf4 20. Rdf1 Be6 21. Rxf4 Ke7 22. Bxe6 Kxe6 23. g4 f6 24. Rhf1 Rae8 25. Kd2 Kd7 26. Rf5 Re5 27. Rxe5 dxe5 28. Ke2 Ke6 29. Kf3 c5 30. Kg3 c4 31. Rh1 a5 32. g5 fxg5 33. Kg4 Rf8 34. Kxg5 Rf2 35. Kg6 Rg2+ 36. Kh7 a4 37. a3 Kf6 38. Rf1+ Kg5 39. Rf5+ Kh4 40. Rxe5 Rxc2 41. Rd5 cxd3 42. Rxd4 Kxh5 43. Rxd3 g5 44. Re3 Rc7+ 45. Kg8 Kg6 46. Kf8 Kf6 47. Rf3+ Ke5 48. Rf5+ Kxe4 49. Rxg5 Rb7 50. Rg4+ Kd3 51. Rb4 Kc2 52. Ke8 Rh7 53. Rxb5 Rh3 54. Rb4 Rb3 55. Rxa4 Kxb2 56. Rh4 Kxa3 57. Rh2 Re3+ 58. Kf7 Rb3 59. Kg6 Rb2 60. Rh3+ Ka4 61. Rh4+ Ka5 62. Rh5+ Ka6 63. Rh6 Ka7 64. Kg5 Rb5+ 65. Kg6 Rb6+ 66. Kh5 Rb5+ 67. Kg6 Rb6+ 68. Kh5 Rxh6+ 69. Kxh6 1/2-1/2

[Event "December 5 Early 2023"]
[Site "https://www.chess.com"]
[Date "2023.12.05"]
[Round "3"]
[White "Kazakouski, Valery"]
[Black "Novoselov, Roman"]
[Result "1/2-1/2"]
[Board "39"]
[TimeControl "180+1"]
[WhiteFideId "13507443"]
[BlackFideId "4135067"]
[WhiteElo "2879"]
[BlackElo "2567"]
[WhiteTeam "LTU"]
[BlackTeam "RUS"]
[WhiteClock "0:00:06"]
[BlackClock "0:00:12"]

1. e4 e6 2. d4 d5 3. Nc3 Nf6 4. e5 Nfd7 5. f4 c5 6. Nf3 Nc6 7. Be3 a6 8. Qd2 b5 9. Be2 Qb6 10. dxc5 Bxc5 11. Bxc5 Nxc5 12. a3 Bb7 13. Qe3 Qa7 14. Rd1 O-O 15. O-O Ne4 16. Qxa7 Nxa7 17. Nxe4 dxe4 18. Nd4 Rad8 19. g3 Rd7 20. Kf2 Rfd8 21. Ke3 Nc8 22. f5 exf5 23. Nxf5 Rxd1 24. Rxd1 Rxd1 25. Bxd1 Nb6 26. Nd6 Bd5 27. Kd4 Ba8 28. b3 Kf8 29. Be2 Ke7 30. Nxe4 Bxe4 31. Kxe4 f6 32. exf6+ Kxf6 33. c4 bxc4 34. Bxc4 a5 35. Bf1 Ke6 36. Kd4 Kd6 37. b4 axb4 38. axb4 Nd7 39. b5 Ne5 40. Ke4 Ng4 41. h3 Nf6+ 42. Kf3 Nd5 43. Bd3 h6 44. Be4 Nc3 45. Bd3 Nd5 46. Kg4 Ne7 47. Kh5 Kc5 48. Kg4 Kd6 49. Kf4 Nd5+ 50. Kf5 Ne7+ 51. Ke4 Nd5 52. h4 Ne7 53. Bc4 Kc5 54. Be2 Kd6 55. Bd3 Nd5 56. Kd4 Ne7 57. Be4 Nc8 58. Bf3 Ne7 59. Ke4 Nd5 60. g4 Nc3+ 61. Kf5 Nxb5 62. Kg6 Nd4 63. Be4 Ne6 64. Bf5 Nd4 65. Bb1 Nf3 66. h5 Ne5+ 67. Kf5 Nd7 68. Be4 Ke7 69. Bf3 Kf8 70. Bd5 Nf6 71. Bf3 Ne8 72. Kg6 Nf6 73. Be2 Nd5 74. Kf5 Ne3+ 75. Ke6 Nc2 76. Bd3 Nb4 77. Be4 Na6 78. Kd6 Nb4 79. Kc5 Na6+ 80. Kb5 Nb8 81. Bd5 Ke7 82. Kc5 Nd7+ 83. Kd4 Kf6 84. Ke4 Kg5 85. Kf3 Nf6 86. Be6 Nxh5 87. gxh5 Kxh5 88. Bc8 Kh4 89. Bd7 g5 90. Bc8 h5 91. Kg2 g4 92. Bb7 Kg5 93. Bc8 h4 94. Kg1 Kf4 95. Bxg4 Kxg4 96. Kh2 h3 97. Kh1 Kg3 98. Kg1 h2+ 99. Kh1 Kh3 1/2-1/2

[Event "December 5 Early 2023"]
[Site "https://www.chess.com"]
[Date "2023.12.05"]
[Round "3"]
[White "Xu, Yi"]
[Black "Vovk, Orest"]
[Result "1-0"]
[Board "40"]
[TimeControl "180+1"]
[WhiteFideId "8605564"]
[BlackFideId "14113490"]
[WhiteElo "2859"]
[BlackElo "2565"]
[WhiteTeam "CHN"]
[BlackTeam "UKR"]
[WhiteClock "0:00:16"]
[BlackClock "0:00:00"]

1. e4 g5 2. d3 h6 3. Nc3 Bg7 4. h4 Bxc3+ 5. bxc3 d5 6. hxg5 dxe4 7. gxh6 exd3 8. Bxd3 Qd5 9. Nf3 Bg4 10. Be3 Nc6 11. Be2 Nf6 12. c4 Qa5+ 13. Kf1 Rd8 14. Qc1 Qc3 15. Rb1 Bxf3 16. Bxf3 Qxc4+ 17. Be2 Qxa2 18. Rxb7 Nd4 19. Bxd4 Rxd4 20. Rb8+ Rd8 21. Bb5+ Nd7 22. Bxd7+ Kxd7 23. Qd1+ Kc6 24. Rxd8 Rxd8 25. Qxd8 Qb1+ 26. Ke2 Qxh1 27. Qd3 Kb6 28. h7 Qh5+ 29. Ke1 f6 30. Qh3 Qe5+ 31. Qe3+ 1-0

[Event "December 5 Early 2023"]
[Site "https://www.chess.com"]
[Date "2023.12.05"]
[Round "3"]
[White "Movsesian, Sergei"]
[Black "Manukyan, Sargis A."]
[Result "1-0"]
[Board "41"]
[TimeControl "180+1"]
[WhiteFideId "310204"]
[BlackFideId "13303970"]
[WhiteElo "2847"]
[BlackElo "2565"]
[WhiteTeam "ARM"]
[BlackTeam "ARM"]
[WhiteClock "0:00:12"]
[BlackClock "0:00:04"]

1. e4 c5 2. Nf3 d6 3. Nc3 Nf6 4. d4 cxd4 5. Qxd4 Nc6 6. Bb5 Bd7 7. Bxc6 Bxc6 8. Bg5 e6 9. Qd3 Be7 10. O-O-O Qc7 11. Nd4 O-O 12. h4 Rfc8 13. f4 Rab8 14. Kb1 b5 15. e5 dxe5 16. Nxc6 Qxc6 17. fxe5 b4 18. Bxf6 Bxf6 19. exf6 bxc3 20. b3 Qc5 21. Qg3 g6 22. Qd6 Qf5 23. Rhf1 Qg4 24. g3 a5 25. Rd4 Qe2 26. Rfd1 h5 27. Qe7 a4 28. b4 Re8 29. Qd6 Red8 30. Qxd8+ Rxd8 31. Rxd8+ Kh7 32. a3 Qf2 33. R8d3 Qxf6 34. Ka1 Qe5 35. Rb1 Qb5 36. Rxc3 Qe5 37. Kb2 f5 38. Rd1 Qf6 39. b5 e5 40. Rc6 Qf8 41. Rd7+ Kh6 42. Rdd6 e4 43. b6 Qh8+ 44. Kb1 Qe5 45. Rxg6+ Kh7 46. Rh6+ Kg7 47. Rhe6 Qb5+ 48. Ka2 e3 49. Rc7+ Kf8 50. Rd6 e2 51. Rd8+ Qe8 52. Rxe8+ Kxe8 53. b7 e1=Q 54. b8=Q# 1-0

[Event "December 5 Early 2023"]
[Site "https://www.chess.com"]
[Date "2023.12.05"]
[Round "3"]
[White "Kuzubov, Yuriy"]
[Black "Tologon tegin, Semetei"]
[Result "1-0"]
[Board "42"]
[TimeControl "180+1"]
[WhiteFideId "14112906"]
[BlackFideId "13800574"]
[WhiteElo "2846"]
[BlackElo "2562"]
[WhiteTeam "UKR"]
[BlackTeam "KGZ"]
[WhiteClock "0:00:23"]
[BlackClock "0:00:09"]

1. d4 Nf6 2. Nf3 e6 3. c4 b6 4. g3 Bb7 5. Bg2 Bb4+ 6. Bd2 a5 7. O-O O-O 8. Nc3 d5 9. cxd5 exd5 10. Bg5 h6 11. Bxf6 Qxf6 12. Ne5 c6 13. e4 dxe4 14. Nxe4 Qe6 15. a3 Be7 16. Re1 Nd7 17. Nd3 Qf5 18. Qb3 Rab8 19. Rad1 Rfd8 20. h3 Ba6 21. g4 Qb5 22. Qxb5 Bxb5 23. Nc3 Bf6 24. Ne5 Nxe5 25. dxe5 Rxd1 26. Nxd1 Bg5 27. Nc3 Bd2 28. Rd1 Bxc3 29. bxc3 g5 30. Rd6 Re8 31. Bxc6 Rxe5 32. Rxh6 Kg7 33. Rd6 Rc5 34. Bxb5 Rxb5 35. a4 Rb3 36. Rc6 b5 37. Rc5 bxa4 38. Rxg5+ Kf6 39. Rxa5 a3 40. Kg2 Rxc3 41. h4 Kg6 42. f3 f6 43. Kg3 Rb3 44. h5+ Kh6 45. Ra4 Kg5 46. Ra6 Rc3 47. Ra5+ Kh6 48. Kf4 Rb3 49. Ra6 Kg7 50. Ke4 Rc3 51. f4 Rb3 52. h6+ Kg6 53. g5 Rb4+ 54. Kf3 Kh5 55. h7 Rb3+ 56. Ke4 Rb8 57. Rxf6 Ra8 58. Rh6+ Kg4 59. h8=Q Ra4+ 60. Kd3 a2 61. Rh4+ Kf3 62. Rh3+ Kf2 63. Qh4+ Kf1 64. Rh1+ Kg2 65. Qh3+ Kf2 66. Rh2+ Kg1 67. Qg3+ Kf1 68. Qf2# 1-0

[Event "December 5 Early 2023"]
[Site "https://www.chess.com"]
[Date "2023.12.05"]
[Round "3"]
[White "Shuvalov, Evgenij"]
[Black "Finek, Vaclav"]
[Result "0-1"]
[Board "43"]
[TimeControl "180+1"]
[WhiteFideId "4187237"]
[BlackFideId "23718293"]
[WhiteElo "2552"]
[BlackElo "2838"]
[WhiteTeam "FID"]
[BlackTeam "CZE"]
[WhiteClock "0:00:00"]
[BlackClock "0:00:09"]

1. d4 d5 2. c4 c6 3. Nc3 Nf6 4. e3 e6 5. Nf3 Nbd7 6. Be2 Bd6 7. O-O O-O 8. b3 b6 9. Bb2 Bb7 10. Bd3 c5 11. cxd5 exd5 12. Rc1 a6 13. dxc5 bxc5 14. Qe2 Qe7 15. Rfd1 Rfe8 16. Na4 a5 17. Qf1 Bc6 18. Nc3 a4 19. Nxa4 c4 20. Bc2 Bxa4 21. bxa4 Ba3 22. Rb1 Reb8 23. Bd4 Bc5 24. Rxb8+ Rxb8 25. Rb1 Qd6 26. Rb5 Ra8 27. Qb1 Bxd4 28. Nxd4 g6 29. h3 Kg7 30. Qb2 Qe5 31. Rb7 h5 32. Qb5 Qd6 33. Bf5 Nc5 34. Rb6 Qe7 35. Nc6 Qf8 36. Bc2 Nfd7 37. Qb2+ Kg8 38. Rb5 Qd6 39. Nd4 Nxa4 40. Bxa4 Rxa4 41. Rb7 Ra8 42. Qb5 Ne5 43. a4 c3 44. Qb3 Qc5 0-1